 Dungeon Crawl Stone Soup version 0.25-a0-2-g6559c6c67a (webtiles) character file.

Game seed: 1185587430291497217, levelgen mode: deterministic

36199 MrRokkomies the Pandemonic (level 14, -9/99 HPs)
             Began as a Halfling Hunter on Oct 13, 2019.
             Was a High Priest of Makhleb.
             Mangled by a komodo dragon (18 damage)
             ... while paralysed by a hornet
             ... on level 6 of the Lair of Beasts on Oct 14, 2019.
             The game lasted 01:16:12 (19007 turns).

MrRokkomies the Pandemonic (Halfling Hunter)       Turns: 19007, Time: 01:16:12

Health: -9/99      AC: 21    Str: 29    XL:     14   Next: 22%
Magic:  24/24      EV:  3    Int: 10    God:    Makhleb [*****.]
Gold:   261        SH:  0    Dex: 22    Spells: 13/13 levels left

rFire    + + .     SeeInvis .   a - +6 fustibalus of the Stork {velocity, +Inv rF++ Str+9 Stlth-}
rCold    + . .     Gourm    .   P - +0 buckler
rNeg     . . .     Faith    .   E - +2 plate armour {rC+}
rPois    .         Spirit   .   w - +0 helmet
rElec    .         Reflect  .   s - +0 cloak
rCorr    .         Harm     .   (no gloves)
MR       ++...                  j - +1 pair of boots
Stlth    ..........             (no amulet)
HPRegen  0.26/turn              r - +5 ring of strength
MPRegen  0.19/turn              X - ring of protection from magic

@: paralysed, agile
A: small, mutation resistance 1
a: Minor Destruction, Lesser Servant of Makhleb, Major Destruction, Greater
Servant of Makhleb, Renounce Religion, Evoke Invisibility


You were on level 6 of the Lair of Beasts.
You worshipped Makhleb.
Makhleb was extremely pleased with you.
You were not hungry.

You visited 2 branches of the dungeon, and saw 17 of its levels.
You also visited: Sewer.

You collected 1058 gold pieces.
You spent 797 gold pieces at shops.

Inventory:

Hand Weapons
 a - the +6 fustibalus of the Stork (weapon) {velocity, +Inv rF++ Str+9 Stlth-}
   (You acquired it on level 5 of the Lair of Beasts)

   Any stone fired from it inflicts extra damage.
   It affects your strength (+9).
   It greatly protects you from fire.
   It lets you turn invisible.
   It makes you less stealthy.
 b - a +2 short sword of venom
 c - a +4 vampiric short sword
 G - a +2 hunting sling of flaming
Missiles
 d - 50 sling bullets
 m - 145 stones (quivered)
 N - 3 throwing nets
Armour
 j - a +1 pair of boots (worn)
 s - a +0 cloak (worn)
 w - a +0 helmet (worn)
 E - a +2 plate armour of cold resistance (worn)
 P - a +0 buckler (worn)
 Y - the +3 hat of Pondering {ponderous, MR+ MP+10 Int+5}
   (You took it off Gastronok on level 2 of the Lair of Beasts)

   It affects your intelligence (+5).
   It affects your resistance to hostile enchantments.
   It affects your magic capacity (+10).
Jewellery
 r - a +5 ring of strength (left hand)
 t - an uncursed ring of ice
 B - an uncursed amulet of magic regeneration
 J - an uncursed ring of protection from fire
 Q - an uncursed ring of resist corrosion
 X - a ring of protection from magic (right hand)
Wands
 g - a wand of acid (10)
 D - a wand of paralysis (6)
 I - a wand of digging (19)
 R - a wand of polymorph (20)
 U - a wand of iceblast (19)
Scrolls
 e - 5 scrolls of enchant armour
 h - 5 scrolls of teleportation
 q - 6 scrolls of magic mapping
 x - 5 scrolls of immolation
 y - 2 scrolls of enchant weapon
 A - 3 scrolls of fog
 F - 2 scrolls of blinking
 L - 8 scrolls of remove curse
Potions
 i - 5 potions of curing
 k - 2 potions of magic {unknown}
 l - 4 potions of flight
 n - 7 potions of might
 o - 3 potions of lignification
 p - 3 potions of mutation
 u - 4 potions of haste
 v - 2 potions of agility
 z - 3 potions of cancellation
 C - 2 potions of ambrosia {unknown}
 H - 9 potions of brilliance
 O - a potion of resistance {unknown}
 W - a potion of berserk rage
Miscellaneous
 M - a phial of floods
Comestibles
 f - 21 rations


   Skills:
 - Level 10.1 Fighting
 * Level 13.4 Slings
 - Level 10.0 Armour
 - Level 2.1 Dodging
 - Level 1.1 Stealth
 * Level 5.4 Shields
 - Level 14.0 Invocations
 - Level 9.0 Evocations


You had 13 spell levels left.
You didn't know any spells.
Your spell library contained the following spells:

 Spells                   Type           Power        Failure   Level  Hunger
 Animate Skeleton         Necr           N/A          96%         1    ##.....
 Apportation              Tloc           #.....       96%         1    ##.....
 Confusing Touch          Hex            #.....       96%         1    ##.....
 Infusion                 Chrm           #...         96%         1    ##.....
 Magic Dart               Conj           #...         96%         1    ##.....
 Sting                    Conj/Pois      #...         96%         1    ##.....
 Summon Butterflies       Summ           #.......     96%         1    ##.....
 Summon Small Mammal      Summ           #...         96%         1    ##.....
 Blink                    Tloc           N/A          99%         2    ###....
 Call Imp                 Summ           #.......     99%         2    ###....
 Ensorcelled Hibernation  Hex/Ice        #.....       99%         2    ###....
 Poisonous Vapours        Pois/Air       #.....       99%         2    ###....
 Shroud of Golubria       Chrm/Tloc      #.....       99%         2    ###....
 Slow                     Hex            #.......     99%         2    ###....
 Song of Slaying          Chrm           #.......     99%         2    ###....
 Conjure Flame            Conj/Fire      #.......     100%        3    ####...
 Lesser Beckoning         Tloc           #.........   100%        3    ####...
 Mephitic Cloud           Conj/Pois/Air  #.......     100%        3    ####...
 Regeneration             Chrm/Necr      #.........   100%        3    ####...
 Spectral Weapon          Hex/Chrm       #.......     100%        3    ####...
 Tukima's Dance           Hex            #.......     100%        3    ####...
 Olgreb's Toxic Radiance  Pois           #.......     100%        4    #####..
 Alistair's Intoxication  Tmut/Pois      #.......     100%        5    ######.
 Borgnjor's Vile Clutch   Necr/Erth      #.........   100%        5    ######.
 Silence                  Hex/Air        #.........   100%        5    ######.
 Venom Bolt               Conj/Pois      #.........   100%        5    ######.
 Darkness                 Hex            #.........   100%        6    #######
 Invisibility             Hex            #.......     100%        6    #######
 Shadow Creatures         Summ           N/A          100%        6    #######


Dungeon Overview and Level Annotations

Branches:
Dungeon (11/15)            Temple (0/1) D:5            Lair (6/6) D:11
 Shoals (0/4) Lair:2       Spider (0/4) Lair:3        Slime (0/5) Lair:5
    Orc (0/2) D:11          Sewer (visited)

Altars:
Elyvilon
Gozag
Makhleb
Sif Muna
Trog
Uskayaw
Vehumet
Wu Jian
Xom
Yredelemnul
Zin
Jiyva

Shops:
D:8 *   D:10 [   D:11 (=!(

Annotations:
D:5 2 runed translucent doors, Arixos's ghost, novice VSSk
Lair:4 exclusion: oklob plant


Innate Abilities, Weirdness & Mutations

You are small and have problems with some larger weapons.
You are somewhat resistant to further mutation.


Message History

You are too injured to fight recklessly!
Unknown command.
A demon appears!
The hornet barely misses you. The komodo dragon misses you.
The hornet closely misses you. The wind drake flaps its wings at you.
The air twists around and strikes you. The komodo dragon closely misses you.
The hornet stings you.
* * * LOW HITPOINT WARNING * * *
You feel yourself slow down. The wind drake closely misses you.
Your cacodemon hits the komodo dragon but does no damage.
Your cacodemon hits the komodo dragon!
You feel agile all of a sudden.
You feel yourself speed up. The hornet stings you!
* * * LOW HITPOINT WARNING * * *
You suddenly lose the ability to move!
The polar bear bites you!
* * * LOW HITPOINT WARNING * * *
The polar bear barely misses you.
The polar bear claws you but does no damage.
The komodo dragon bites you!!
You die...

P≈≈P≈≈≈≈≈(≈(≈.....PP..#..
.########≈.#(.#....P.## .
.≈≈#≈.#(###......#
#≈≈≈≈≈≈≈(..###....#
#≈≈P#≈≈≈((P## ..###
#≈≈≈#(#.(P.P##....
≈≈≈≈≈#≈##.P(.......#
≈≈≈≈8≈≈≈≈≈≈.k2..P...#
P≈≈≈≈≈≈≈≈≈≈@l.P....##
≈≈≈≈≈≈(≈##≈yh#P.... ≈≈≈
#..##PP... ≈ ≈≈≈.P. .
≈≈≈≈≈.≈.# ≈P#≈#.≈≈.. #
#≈##.≈P.. ≈ ≈≈..... ≈
≈......


You could see a wind drake, a polar bear, a komodo dragon, a hornet and a
friendly cacodemon.

Vanquished Creatures
  Gastronok (Lair:2)
  Harold (D:7)
  5 hydras
  A two-headed ogre (D:8)
  A death yak (Lair:6)
  An ugly thing (D:11)
  A manticore (Lair:6)
  2 black mambas (Lair:3)
  Joseph (Lair:1)
  3 elephants
  Psyche (D:11)
  8 komodo dragons
  4 spiny frogs
  A demonic crawler (Lair:3)
  A rime drake (Lair:6)
  3 meliai (Lair:4)
  A polar bear (Lair:6)
  5 hornets
  6 blink frogs
  Prince Ribbit (D:5)
  6 hippogriffs
  4 wyverns
  A vampire (D:9)
  9 spriggans (Lair:4)
  13 yaks
  A fire elemental (Lair:4)
  A hungry ghost (D:9)
  9 water moccasins
  7 porcupines
  Duvessa (D:4)
  4 sky beasts
  7 orc warriors
  2 black bears
  4 ice beasts
  4 phantoms
  7 ogres
  15 wolves
  A necrophage (D:7)
  3 centaurs
  5 crocodiles
  3 big kobolds (Sewer)
  20 bullfrogs
  A wyvern zombie (D:11)
  Dowan (D:4)
  A wyvern skeleton (D:10)
  3 scorpions
  55 killer bees
  16 wights
  An electric eel (Lair:4)
  3 howler monkeys (D:8)
  3 crimson imps
  2 jellies
  2 centaur zombies
  A quasit (D:11)
  A centaur skeleton (D:8)
  3 hounds
  9 orc priests
  16 orc wizards
  6 bullfrog skeletons
  7 hell rats (Lair:5)
  14 worker ants
  2 killer bee zombies
  2 hound zombies
  A hound skeleton (D:11)
  Robin (D:3)
  16 adders
  3 shadow imps
  An ooze (D:3)
  7 worms
  A dart slug (D:2)
  5 leopard geckos
  45 orcs
  8 bats
  7 giant cockroaches
  10 hobgoblins
  15 jackals
  26 kobolds
  4 quokkas
  5 ball pythons
  7 frilled lizards
  15 goblins
  A jackal skeleton (D:5)
  A leopard gecko skeleton (D:4)
  A quokka zombie (D:5)
  11 rats
  A fungus (Lair:5)
  A plant (Lair:4)
517 creatures vanquished.

Vanquished Creatures (collateral kills)
  3 elephants (Lair:2)
  2 yaks (D:11)
  An acid dragon (D:11)
  2 water moccasins
  A scorpion (Lair:1)
  3 killer bees (Lair:4)
  A crimson imp (D:11)
  An orc (D:11)
14 creatures vanquished.

Vanquished Creatures (others)
  9 fungi
  15 plants
24 creatures vanquished.

Grand Total: 555 creatures vanquished

Notes
Turn   | Place    | Note
-------+----------+-------------------------------------------
     0 | D:1      | MrRokkomies the Halfling Hunter began the quest for the
                  | Orb.
     0 | D:1      | Reached XP level 1. HP: 14/14 MP: 1/1
    90 | D:1      | Reached XP level 2. HP: 19/19 MP: 2/2
   405 | D:1      | Reached XP level 3. HP: 20/25 MP: 3/3
  1243 | D:2      | Reached XP level 4. HP: 30/30 MP: 4/4
  1403 | D:2      | You fall into a shaft and drop 2 floors!
  1404 | D:4      | Noticed an ogre
  1407 | D:4      | Noticed Dowan
  1419 | D:4      | Noticed Duvessa
  1905 | D:2      | Reached XP level 5. HP: 36/36 MP: 5/5
  2205 | D:3      | Noticed Robin
  2234 | D:3      | Killed Robin
  2326 | D:3      | Found a bloodstained altar of Trog.
  2512 | D:3      | Found a shimmering blue altar of Sif Muna.
  2741 | D:4      | Killed Duvessa
  2741 | D:4      | Reached XP level 6. HP: 43/43 MP: 6/6
  2751 | D:4      | Killed Dowan
  2984 | D:4      | Reached XP level 7. HP: 49/49 MP: 7/7
  3015 | D:4      | Reached skill level 5 in Fighting
  3165 | D:4      | Found a burning altar of Makhleb.
  3280 | D:4      | Became a worshipper of Makhleb the Destroyer
  3406 | D:5      | Entered Level 5 of the Dungeon
  3469 | D:5      | Reached skill level 10 in Slings
  3469 | D:5      | Reached XP level 8. HP: 56/56 MP: 8/8
  3590 | D:5      | Found a runed translucent door.
  3716 | D:5      | Found a runed translucent door.
  3792 | D:5      | Noticed Prince Ribbit
  3808 | D:5      | Killed Prince Ribbit
  3863 | D:5      | Found an opulent altar of Gozag.
  3898 | D:5      | Found a staircase to the Ecumenical Temple.
  3932 | D:5      | Reached * piety under Makhleb
  4110 | D:5      | Found a white marble altar of Elyvilon.
  4418 | D:5      | Found a glowing silver altar of Zin.
  4420 | D:5      | Reached XP level 9. HP: 63/63 MP: 9/9
  4472 | D:5      | Found an ornate altar of the Wu Jian Council.
  4624 | D:5      | Noticed Arixos's ghost (novice VSSk)
  4720 | D:6      | Found a glowing drain.
  4724 | Sewer    | Entered a sewer
  4811 | Sewer    | Reached ** piety under Makhleb
  5188 | D:6      | Found a hide-covered altar of Uskayaw.
  5254 | D:6      | Found a shimmering altar of Xom.
  6000 | D:6      | Found a radiant altar of Vehumet.
  6073 | D:7      | Noticed a hippogriff
  6087 | D:7      | Killed a hippogriff
  6087 | D:7      | Reached skill level 1 in Invocations
  6092 | D:7      | Reached skill level 2 in Invocations
  6096 | D:7      | Reached XP level 10. HP: 63/74 MP: 9/11
  6199 | D:7      | Reached skill level 3 in Invocations
  6394 | D:7      | Noticed Harold
  6417 | D:7      | Killed Harold
  6417 | D:7      | Reached skill level 10 in Fighting
  6417 | D:7      | Reached skill level 4 in Invocations
  6767 | D:7      | Reached *** piety under Makhleb
  6767 | D:7      | Reached skill level 5 in Invocations
  7152 | D:8      | Found a basalt altar of Yredelemnul.
  7168 | D:8      | Noticed a two-headed ogre
  7174 | D:8      | Found Nugrob's General Store.
  7265 | D:8      | Killed a two-headed ogre
  7265 | D:8      | Reached skill level 6 in Invocations
  7285 | D:8      | Reached skill level 5 in Armour
  7382 | D:8      | Reached XP level 11. HP: 72/81 MP: 16/16
  7409 | D:8      | Reached skill level 7 in Invocations
  8315 | D:9      | Reached skill level 8 in Invocations
  8394 | D:9      | Reached **** piety under Makhleb
  9187 | D:10     | Entered Level 10 of the Dungeon
  9398 | D:10     | Found Gulin's Armour Shop.
  9446 | D:10     | Reached skill level 9 in Invocations
 10013 | D:11     | Reached ***** piety under Makhleb
 10249 | D:11     | Found the +12 glaive of Prune {chop}
 10285 | D:11     | Reached skill level 10 in Invocations
 10288 | D:11     | HP: 1/81 [ice beast (11)]
 10289 | D:11     | Reached XP level 12. HP: 23/87 MP: 19/19
 10659 | D:11     | Found a staircase to the Lair.
 11097 | D:11     | Found Balat's Distillery.
 11098 | D:11     | Found Poteacko's Antique Weapon Emporium.
 11153 | D:10     | Bought a +2 plate armour of cold resistance for 640 gold
                  | pieces
 11184 | Lair:1   | Entered Level 1 of the Lair of Beasts
 11340 | D:11     | Found Nosacw's Antique Weapon Shoppe.
 11421 | D:11     | Found Weleh's Jewellery Emporium.
 11490 | D:11     | Found a staircase to the Orcish Mines.
 11498 | D:11     | Noticed Psyche
 11502 | D:11     | Reached skill level 10 in Armour
 11522 | D:11     | Paralysed by something for 7 turns
 11534 | D:11     | Killed Psyche
 11534 | D:11     | Reached skill level 1 in Evocations
 11721 | Lair:1   | Noticed Joseph
 12025 | Lair:1   | Noticed an Executioner
 12378 | Lair:1   | Noticed a green death
 12581 | Lair:1   | Killed Joseph
 12597 | Lair:1   | Reached skill level 11 in Invocations
 13695 | Lair:2   | Noticed a six-headed hydra
 13707 | Lair:2   | Killed a six-headed hydra
 13855 | Lair:2   | Reached skill level 5 in Evocations
 14076 | Lair:2   | Noticed Gastronok
 14105 | Lair:2   | Killed Gastronok
 14105 | Lair:2   | Reached skill level 12 in Invocations
 14269 | Lair:2   | Found a staircase to the Shoals.
 14472 | D:11     | Bought a runed hunting sling for 157 gold pieces
 14602 | Lair:3   | Reached XP level 13. HP: 92/92 MP: 22/22
 14661 | Lair:3   | Found a hole to the Spider Nest.
 15619 | Lair:4   | Upgraded the game from 0.24-b1 to 0.25-a0-2-g6559c6c67a
 15624 | Lair:4   | Noticed an eight-headed hydra
 15791 | Lair:4   | Reached skill level 13 in Invocations
 16213 | Lair:4   | Noticed a four-headed hydra
 16229 | Lair:4   | Killed a four-headed hydra
 16665 | Lair:4   | Killed an eight-headed hydra
 18014 | Lair:5   | Reached skill level 1 in Shields
 18140 | Lair:5   | Found a staircase to the Slime Pits.
 18141 | Lair:5   | Found a viscous altar of Jiyva.
 18247 | Lair:5   | Reached skill level 14 in Invocations
 18263 | Lair:5   | Identified a scroll of acquirement
 18264 | Lair:5   | Got a twisted fustibalus
 18265 | Lair:5   | Identified the +6 fustibalus of the Stork {velocity, +Inv
                  | rF++ Str+9 Stlth-} (You acquired it on level 5 of the Lair
                  | of Beasts)
 18783 | Lair:6   | Entered Level 6 of the Lair of Beasts
 18800 | Lair:6   | Noticed a four-headed hydra
 18806 | Lair:6   | Killed a four-headed hydra
 18814 | Lair:6   | Reached XP level 14. HP: 92/99 MP: 24/24
 18940 | Lair:6   | Reached skill level 5 in Shields
 18975 | Lair:6   | Paralysed by a hornet for 1 turns
 19007 | Lair:6   | Paralysed by a hornet for 2 turns
 19007 | Lair:6   | Mangled by a komodo dragon

Levels and vault maps discovered:
D:1:      tarquinn_simple_flora_water_d, layout_loops_corners
D:2:      layout_basic, minmay_pentomino_o2
D:3:      layout_basic, bloody_trog, overflow_temple_1_default, uniq_robin
D:4:      layout_basic, makhleb_grotto_becter, uniq_duvessa
D:5:      layout_basic, kennysheep_little_box, grunt_gozag_breadcrumbs,
          nicolae_overflow_hidden_temple, lemuel_crystal_altar,
          minmay_temple_entry_arrows, ebering_ghost_sewer_f, first_ration,
          minivault_27, uniq_prince_ribbit1
D:6:      layout_loops_cross, old_standard_altar, lemuel_coloured_pillars_altar,
          gup_sewer_entry_bowl, basic_altar, grunt_ministairs_8
D:7:      layout_loops_ring, uniq_harold
D:8:      layout_basic, yredelemnul_altar_generic, serial_shops, shop
D:9:      layout_cave_pools, grunt_pizzeria
D:10:     layout_basic, serial_shops, shop_statue
D:11:     layout_rooms, grunt_lair_entry_orc_guard_hut, orc_0_dummy,
          serial_shops, nicolae_shop_behind_doors, shop, shop, kennysheep_mini,
          serial_glass, glass_columns_a, glass_columns_b, uniq_psyche
Lair:1:   layout_hall_layers, st_stairs_5, grunt_megastairs_1,
          serial_bayou_shore_b, uniq_joseph
Lair:2:   layout_big_grid, elwin_shoals_entry_rocks,
          chequers_serial_rivers_micro_d, uniq_gastronok
Lair:3:   layout_cave_pods, nicolae_spider_entry_non_spiders, minivault_24,
          grunt_megastairs_3, lemuel_fruit_fields
Lair:4:   wad_woods_minihive, layout_gridlike, serial_bayou_pond_a, st_stairs_4,
          minmay_lair_oklob_chamber
Lair:5:   layout_long_grid, slime_altar_1, lemuel_fruit_tree
Lair:6:   gammafunk_lair_ancient_temple, layout_concentric_octagons, st_stairs_3

Skill      XL: |  1  2  3  4  5  6  7  8  9 10 11 12 13 14 |
---------------+-------------------------------------------+-----
Slings         | 6 7 8 9 10 11 12 13 | 13.4
Fighting       | 2 3 4 5 6 9 10 | 10.1
Invocations    | 2 6 10 12 14 | 14.0
Armour         | 5 9 10 | 10.0
Evocations     | 6 9 |  9.0
Shields        | 3 5 |  5.4
Dodging        | |  2.1
Stealth        | |  1.1

Action                   |  1- 3 |  4- 6 |  7- 9 | 10-12 | 13-15 || total
-------------------------+-------+-------+-------+-------+-------++-------
Melee: Short sword       |    37 |     8 |    47 |   280 |    49 ||   421
 Fire: Hunting sling     |    78 |   181 |   418 |  1057 |   550 ||  2284
       Fustibalus        |       |       |       |       |   139 ||   139
Throw: Stone             |       |       |       |       |     2 ||     2
Invok: Major Destruction |       |       |       |     3 |       ||     3
       Lesser Servant of |       |       |       |     6 |     4 ||    10
       Minor Destruction |       |       |       |    13 |     3 ||    16
       Greater Servant o |       |       |       |     2 |     1 ||     3
Evoke: Wand              |       |       |       |       |     5 ||     5
       Sack of spiders   |       |       |       |       |     1 ||     1
  Use: Scroll            |     7 |     7 |     5 |     7 |     7 ||    33
       Potion            |       |     2 |     1 |     4 |     4 ||    11
 Stab: Sleeping          |     1 |       |       |       |       ||     1
       Distracted        |       |       |       |     3 |       ||     3
  Eat: Chunk             |     1 |     4 |     7 |    20 |     7 ||    39
       Ration            |       |       |     1 |     1 |     2 ||     4
Armor: Leather armour    |    11 |     4 |       |       |       ||    15
       Animal skin       |       |     5 |    15 |       |       ||    20
       Scale mail        |       |       |    50 |       |       ||    50
       Chain mail        |       |       |     6 |     2 |       ||     8
       Plate armour      |       |       |       |   485 |   301 ||   786
Dodge: Dodged            |    30 |    44 |   104 |   341 |   272 ||   791
Block: Buckler           |       |       |       |       |    21 ||    21

Table legend:
 A = Non-vault XP
 B = Vault XP
 C = Vault XP percentage of total XP
 D = Non-vault monster count
 E = Vault monster count
 F = Vault count percentage of total count
                 A         B        C        D         E       F
            +---------+---------+-------+---------+---------+-------
      Total |   35383 |   16331 |  31.6 |     392 |     137 |  25.9
            +---------+---------+-------+---------+---------+-------
        D:1 |      39 |       0 |   0.0 |      23 |       0 |   0.0
        D:2 |      89 |       3 |   3.3 |      30 |       2 |   6.2
        D:3 |      62 |      37 |  37.4 |      17 |      12 |  41.4
        D:4 |     431 |     210 |  32.8 |      21 |       3 |  12.5
        D:5 |    1033 |     268 |  20.6 |      33 |       1 |   2.9
        D:6 |     831 |     125 |  13.1 |      17 |       5 |  22.7
        D:7 |    1346 |    1007 |  42.8 |      27 |       1 |   3.6
        D:8 |    2650 |       0 |   0.0 |      30 |       0 |   0.0
        D:9 |    2470 |     129 |   5.0 |      26 |       1 |   3.7
       D:10 |    2495 |       0 |   0.0 |      33 |       0 |   0.0
       D:11 |    3996 |    1090 |  21.4 |      50 |       6 |  10.7
     Lair:1 |    1889 |     788 |  29.4 |      11 |       3 |  21.4
     Lair:2 |    3392 |    2172 |  39.0 |      12 |       1 |   7.7
     Lair:3 |    2843 |    1024 |  26.5 |      14 |       9 |  39.1
     Lair:4 |    4379 |    5711 |  56.6 |      13 |      59 |  81.9
     Lair:5 |    3266 |       0 |   0.0 |      26 |       0 |   0.0
     Lair:6 |    4172 |    3444 |  45.2 |       9 |      10 |  52.6
      Sewer |       0 |     323 | 100.0 |       0 |      24 | 100.0
            +---------+---------+-------+---------+---------+-------
